[Event "ICC tourney 2330 (75 10)"]
[Site "Internet Chess Club"]
[Date "2021.01.23"]
[Round "2"]
[White "varunprabhu"]
[Black "acgc"]
[Result "0-1"]
[ICCResult "White checkmated"]
[WhiteElo "691"]
[BlackElo "946"]
[Opening "Giuoco Piano: four knights variation"]
[ECO "C47"]
[NIC "KP.06"]
[Time "16:32:33"]
[PlyCount "110"]
[TimeControl "4500+10"]

1. e4 e5 2. Nf3 Nc6 3. Nc3 Nf6 4. Bc4 Bc5 5. O-O d6 6. h3 O-O 7. d3 Be6 8.
Bxe6 fxe6 9. Ng5 Qe7 10. Nf3 Qd7 11. Bg5 d5 12. Bxf6 Rxf6 13. exd5 exd5 14.
Qd2 Raf8 15. Qe2 Nd4 16. Nxd4 Bxd4 17. Nd1 Rg6 18. Qh5 Qf7 19. Qe2 Qf5 20.
g4 Qh5 21. Kh2 Qh4 22. Rg1 Rh6 23. Rg3 e4 24. dxe4 Be5 25. Qe3 Bxg3+ 26.
Qxg3 Qxg3+ 27. fxg3 dxe4 28. Nc3 Rf2+ 29. Kg1 Rxc2 30. Nxe4 Rxh3 31. Rd1
Re2 32. Ng5 Rxg3+ 33. Kf1 Re8 34. Rd4 h6 35. Ne4 Re3 36. Nd2 Rf8+ 37. Kg2
Re2+ 38. Kh3 Rff2 39. Rd8+ Kh7 40. Rd3 Rxd2 41. Rxd2 Rxd2 42. Kg3 Rxb2 43.
Kh4 g5+ 44. Kg3 Rd2 45. Kf3 c5 46. Ke3 Rd8 47. Ke4 c4 48. Ke5 c3 49. Ke6 c2
50. Ke7 Rd3 51. Kf7 Rf3+ 52. Ke8 c1=Q 53. Kd7 Rd3+ 54. Ke7 Qe1+ 55. Kf7
Rf3# { White checkmated } 0-1

[Event "ICC tourney 2330 (75 10)"]
[Site "Internet Chess Club"]
[Date "2021.01.23"]
[Round "2"]
[White "ira2006"]
[Black "raadix028"]
[Result "1/2-1/2"]
[ICCResult "Game drawn by mutual agreement"]
[WhiteElo "563"]
[BlackElo "823"]
[Opening "Réti: King's Indian attack (Barcza system)"]
[ECO "A07"]
[NIC "QP.09"]
[Time "16:32:25"]
[PlyCount "132"]
[TimeControl "4500+10"]

1. Nf3 d5 2. g3 Nc6 3. Bg2 e5 4. d4 e4 5. Nfd2 Nxd4 6. Nb3 Nc6 7. Nc3 Nf6
8. f3 Bf5 9. fxe4 dxe4 10. Be3 Qxd1+ 11. Rxd1 a6 12. Nd2 Bb4 13. Rf1 Bg6
14. Bg5 Be7 15. Bxf6 Bxf6 16. Ncxe4 Bxb2 17. Rb1 Ba3 18. Rxb7 Nb4 19. Rxc7
Nxa2 20. Rc4 Bb2 21. Nd6+ Ke7 22. Bxa8 Rxa8 23. Nf5+ Bxf5 24. Rxf5 Kf8 25.
Ra5 Nc1 26. Kd1 Re8 27. Ne4 Rd8+ 28. Ke1 Rd4 29. Rxd4 Bxd4 30. Rxa6 Ke7 31.
c3 f5 32. cxd4 fxe4 33. d5 Kd7 34. Kd2 Nb3+ 35. Ke3 Nc5 36. Ra7+ Kd6 37.
Rxg7 Kxd5 38. Rxh7 Ne6 39. g4 Ng5 40. h4 Ne6 41. Rh8 Ke5 42. g5 Kf5 43. Ra8
Kg4 44. Kxe4 Kxh4 45. g6 Kg5 46. Ke5 Ng7 47. Rg8 Kxg6 48. e4 Kf7 49. Ra8
Ne8 50. Ra7+ Kg6 51. Kd5 Nf6+ 52. Kd4 Ne8 53. e5 Kf5 54. Kd5 Kg6 55. e6 Kf6
56. Ra6 Nc7+ 57. Kd6 Nxe6 58. Ra1 Nf8 59. Rf1+ Kg7 60. Ke7 Ng6+ 61. Ke6
Nf8+ 62. Kd6 Ng6 63. Rg1 Kf6 64. Kd5 Nf4+ 65. Ke4 Ne6 66. Rf1+ Ke7 { Game
drawn by mutual agreement } 1/2-1/2

[Event "ICC tourney 2330 (75 10)"]
[Site "Internet Chess Club"]
[Date "2021.01.23"]
[Round "2"]
[White "VirginiaGuy"]
[Black "hanruiliu"]
[Result "1-0"]
[ICCResult "Black resigns"]
[WhiteElo "1298"]
[BlackElo "1115"]
[Opening "Queen's pawn"]
[ECO "A40"]
[NIC "QO.17"]
[Time "16:32:27"]
[PlyCount "95"]
[TimeControl "4500+10"]

1. d4 e6 2. Nf3 c5 3. e3 a6 4. b3 b5 5. c4 Bb7 6. Nbd2 Qb6 7. Bd3 d6 8. O-O
Nf6 9. Bb2 Nbd7 10. Rb1 Be7 11. Re1 O-O 12. Ba1 Qc7 13. Rc1 b4 14. Qc2 d5
15. Ne5 h6 16. f4 dxc4 17. Ndxc4 Bd6 18. Nxd6 Qxd6 19. Rcd1 Rac8 20. Nc4
Qd5 21. Rf1 Qh5 22. Be2 Qh4 23. Bf3 Nd5 24. Qf2 Qxf2+ 25. Kxf2 N7f6 26. Nd6
Rc7 27. Nxb7 Rxb7 28. dxc5 Rc7 29. Rc1 Rfc8 30. Bd4 Nd7 31. Rc4 Nxc5 32.
Ke2 a5 33. Rfc1 Na6 34. Rxc7 Rxc7 35. Rxc7 Naxc7 36. Kd3 Nb5 37. Bxd5 exd5
38. Bb6 Nc3 39. Bxa5 Nxa2 40. Kc2 Kf8 41. Kb2 Nc3 42. Bxb4+ Ke8 43. Kxc3
Kd7 44. Kd4 Ke6 45. Bf8 g5 46. Bxh6 gxf4 47. Bxf4 f6 48. b4 { Black resigns
} 1-0

[Event "ICC tourney 2330 (75 10)"]
[Site "Internet Chess Club"]
[Date "2021.01.23"]
[Round "2"]
[White "boxingguy2469x"]
[Black "avbhosale"]
[Result "1-0"]
[ICCResult "Black checkmated"]
[WhiteElo "1050"]
[BlackElo "462"]
[Opening "Two knights defense (Modern bishop's opening)"]
[ECO "C55"]
[NIC "IG.01"]
[Time "16:32:27"]
[PlyCount "133"]
[TimeControl "4500+10"]

1. e4 e5 2. Nf3 Nc6 3. Bc4 Nf6 4. d3 d5 5. exd5 Nxd5 6. Nc3 Be6 7. Bg5 f6
8. Bd2 Bb4 9. O-O Nxc3 10. bxc3 Bxc4 11. cxb4 Bd5 12. c4 Bxf3 13. Qxf3 O-O
14. Rae1 Re8 15. b5 Nd4 16. Qxb7 Nc2 17. Rc1 Qxd3 18. Qd5+ Qxd5 19. cxd5
Nd4 20. Rxc7 Nxb5 21. Rc5 Nd4 22. Re1 e4 23. Be3 Nf5 24. Bd2 Nd6 25. Rec1
Rac8 26. Rxc8 Nxc8 27. Bb4 Rd8 28. Rd1 Nb6 29. d6 Kf7 30. Rd4 f5 31. g4 g6
32. gxf5 gxf5 33. Bc5 Nc8 34. d7 Nb6 35. Rd6 Rxd7 36. Rxd7+ Nxd7 37. Bxa7
Ke6 38. Kg2 Kd5 39. Kg3 Ke5 40. Be3 Nf6 41. Bf4+ Kd5 42. Kh4 Ng4 43. Kg3
Kc4 44. h3 Nf6 45. Kh4 Kc3 46. Kg5 Nd7 47. Kxf5 Kb2 48. a4 Nc5 49. a5 Kb3
50. Be3 Na6 51. Kxe4 Ka4 52. f4 Kxa5 53. f5 Nc7 54. Ke5 Kb5 55. f6 Ne8 56.
f7 Ng7 57. Bh6 Nh5 58. f8=Q Ng3 59. Qe8+ Kc5 60. Be3+ Kc4 61. Qc6+ Kd3 62.
Bf4 Ne2 63. Qe4+ Kc3 64. Qxe2 Kb3 65. Kd4 Kb4 66. Qc4+ Ka3 67. Bc1# { Black
checkmated } 1-0

[Event "ICC tourney 2330 (75 10)"]
[Site "Internet Chess Club"]
[Date "2021.01.23"]
[Round "2"]
[White "DanielGuan"]
[Black "aWildNateDawg"]
[Result "0-1"]
[ICCResult "White resigns"]
[WhiteElo "1291"]
[BlackElo "1109"]
[Opening "QGD: exchange, positional line"]
[ECO "D35"]
[NIC "QP.08"]
[Time "16:32:25"]
[PlyCount "102"]
[TimeControl "4500+10"]

1. d4 d5 2. c4 e6 3. cxd5 exd5 4. Nc3 Nf6 5. Bg5 Be7 6. Nf3 O-O 7. Qb3 c6
8. Bd2 Qb6 9. Qc2 Bg4 10. Na4 Qc7 11. Ne5 Nbd7 12. Nxg4 Nxg4 13. h3 Nh2 14.
g3 Nxf1 15. Kxf1 Nf6 16. Nc3 a6 17. Bg5 Rad8 18. Rc1 h6 19. Bf4 Bd6 20.
Bxd6 Qxd6 21. Na4 Ne4 22. Kg2 Rfe8 23. Rhd1 Re6 24. Nc5 Nxc5 25. dxc5 Qe5
26. e3 Qe4+ 27. Qxe4 Rxe4 28. b3 f5 29. Rc3 Rde8 30. Rcd3 Kf7 31. Kf3 Kf6
32. Rd4 g5 33. Rxe4 fxe4+ 34. Kg4 h5+ 35. Kxh5 Kf5 36. Kh6 Rh8+ 37. Kg7
Rxh3 38. Rd4 Rh2 39. Rb4 Rxf2 40. Rxb7 Rf3 41. Rb6 Rxe3 42. Rxc6 Rxg3 43.
Rxa6 e3 44. c6 e2 45. c7 Rc3 46. Rf6+ Ke5 47. Rf8 Rxc7+ 48. Kg6 Re7 49.
Rf5+ Ke4 50. Kxg5 e1=Q 51. Rf4+ Ke3 { White resigns } 0-1

[Event "ICC tourney 2330 (75 10)"]
[Site "Internet Chess Club"]
[Date "2021.01.23"]
[Round "2"]
[White "kskariah"]
[Black "chesssiddu"]
[Result "1-0"]
[ICCResult "Black resigns"]
[WhiteElo "1359"]
[BlackElo "1269"]
[Opening "King's gambit"]
[ECO "C30"]
[NIC "KG.05"]
[Time "16:32:26"]
[PlyCount "99"]
[TimeControl "4500+10"]

1. e4 e5 2. f4 d6 3. Nf3 Nc6 4. Bc4 Bg4 5. O-O Nd4 6. Be2 Bxf3 7. Bxf3 Nf6
8. Nc3 Be7 9. d3 O-O 10. Be3 Ne6 11. f5 Nd4 12. Ne2 Nxe2+ 13. Qxe2 c6 14.
d4 Qc7 15. c4 Rfd8 16. Rac1 Qd7 17. Rfd1 Qc7 18. b4 Nd7 19. d5 c5 20. b5 a6
21. a4 Qa5 22. Ra1 Qc7 23. g4 h6 24. Rdb1 axb5 25. axb5 Nb6 26. Qc2 Bf6 27.
Be2 Nd7 28. Bd2 Bg5 29. Bxg5 hxg5 30. Qd2 Nf6 31. Bf3 Nh7 32. Ra2 Rxa2 33.
Qxa2 b6 34. Ra1 Nf6 35. Qd2 Nh7 36. Ra6 Rb8 37. Qa2 Qd8 38. Ra7 Nf6 39. Qa6
Nd7 40. Rb7 Rxb7 41. Qxb7 Nf6 42. h3 Nh7 43. Kg2 Nf6 44. Qa6 Qb8 45. Kg3
Qd8 46. Qa2 Nh7 47. Qh2 Nf6 48. h4 gxh4+ 49. Qxh4 Nxe4+ 50. Bxe4 { Black
resigns } 1-0

[Event "ICC tourney 2330 (75 10)"]
[Site "Internet Chess Club"]
[Date "2021.01.23"]
[Round "3"]
[White "PawnPrincess"]
[Black "cappyal"]
[Result "0-1"]
[ICCResult "White checkmated"]
[WhiteElo "1200"]
[BlackElo "624"]
[Opening "Ponziani: Jaenisch counter-attack"]
[ECO "C44"]
[NIC "KP.05"]
[Time "20:01:40"]
[PlyCount "76"]
[TimeControl "4500+10"]

1. e4 e5 2. Nf3 Nc6 3. c3 Nf6 4. d4 exd4 5. e5 Qe7 6. cxd4 d6 7. Bb5 Bg4 8.
O-O Nd7 9. exd6 Qxd6 10. d5 Nce5 11. Nxe5 Bxd1 12. Bxd7+ Ke7 13. Rxd1 Qxe5
14. Nc3 Kxd7 15. Be3 Bd6 16. g3 Ke7 17. Re1 Kf8 18. Bxa7 Qf6 19. Rad1 Rxa7
20. Nb5 Rxa2 21. Nxd6 cxd6 22. Re2 Rxb2 23. Rdd2 Rxd2 24. Rxd2 Ke7 25. Kg2
Kd7 26. Re2 Rb8 27. f4 b5 28. Ra2 b4 29. Ra7+ Ke8 30. Kf3 b3 31. g4 b2 32.
g5 Qd4 33. h4 b1=Q 34. h5 Qbe4+ 35. Kg4 Qxf4+ 36. Kh3 Qd3+ 37. Kg2 Qfd2+
38. Kh1 Rb1# { White checkmated } 0-1

[Event "ICC tourney 2330 (75 10)"]
[Site "Internet Chess Club"]
[Date "2021.01.23"]
[Round "3"]
[White "salamenceg"]
[Black "ira2006"]
[Result "1-0"]
[ICCResult "Black checkmated"]
[WhiteElo "1080"]
[BlackElo "563"]
[Opening "Petrov: Nimzovich attack"]
[ECO "C42"]
[NIC "RG.03"]
[Time "20:01:42"]
[PlyCount "123"]
[TimeControl "4500+10"]

1. e4 e5 2. Nf3 Nf6 3. Nxe5 d6 4. Nf3 Nxe4 5. Nc3 Nxc3 6. dxc3 Be7 7. Bd3
Nc6 8. O-O g6 9. h3 O-O 10. Bh6 Re8 11. Qd2 b6 12. Qf4 Be6 13. Rfe1 Bf8 14.
Bxf8 Rxf8 15. Ng5 Qe7 16. Qh4 f5 17. Rxe6 Qg7 18. Bc4 Kh8 19. Ree1 h6 20.
Ne6 Qh7 21. Nxf8 Rxf8 22. Bd5 Ne5 23. Qd4 Re8 24. f4 Qg7 25. fxe5 dxe5 26.
Qa4 Rd8 27. Rad1 Rb8 28. Qxa7 Rd8 29. Bc6 Qf6 30. Rxd8+ Qxd8 31. Qa8 Qxa8
32. Bxa8 Kg7 33. Rxe5 Kf6 34. Rd5 g5 35. a4 f4 36. b4 Ke6 37. a5 bxa5 38.
Rxa5 Kf6 39. c4 h5 40. b5 Ke7 41. c5 Kd7 42. Bc6+ Ke6 43. b6 cxb6 44. cxb6
Kd6 45. b7 Kc7 46. Ra8 Kxc6 47. b8=Q Kd5 48. Qb7+ Ke5 49. Re8+ Kd4 50. Qd7+
Kc3 51. Rc8+ Kb2 52. Qb7+ Kc1 53. c4 Kd2 54. c5 Ke2 55. c6 f3 56. gxf3 Kxf3
57. c7+ Kg3 58. Rf8 Kxh3 59. c8=Q+ Kh4 60. Qe4+ g4 61. Qd8+ Kh3 62. Qg2# {
Black checkmated } 1-0

[Event "ICC tourney 2330 (75 10)"]
[Site "Internet Chess Club"]
[Date "2021.01.23"]
[Round "3"]
[White "Jake000"]
[Black "prostripe"]
[Result "1/2-1/2"]
[ICCResult "Game drawn by repetition"]
[WhiteElo "759"]
[BlackElo "1344"]
[Opening "Caro-Kann: Panov-Botvinnik attack"]
[ECO "B13"]
[NIC "CK.02"]
[Time "20:01:41"]
[PlyCount "68"]
[TimeControl "4500+10"]

1. e4 c6 2. d4 d5 3. exd5 cxd5 4. c4 e6 5. cxd5 Qxd5 6. Nc3 Bb4 7. Nf3 Nf6
8. Bd2 Bxc3 9. bxc3 Ne4 10. c4 Qh5 11. Be3 O-O 12. Bd3 Qa5+ 13. Bd2 Nxd2
14. Nxd2 Nc6 15. O-O Nxd4 16. Nf3 Nxf3+ 17. gxf3 Qg5+ 18. Kh1 Qc5 19. Qc2
g6 20. Rg1 b6 21. Rg3 Bb7 22. Rag1 Qh5 23. Be4 Bxe4 24. Qxe4 Qc5 25. Rxg6+
fxg6 26. Rxg6+ hxg6 27. Qxg6+ Kh8 28. Qh6+ Kg8 29. Qg6+ Kh8 30. Qh6+ Kg8
31. Qg6+ Kh8 32. Qh6+ Kg8 33. Qg6+ Kh8 34. Qh6+ Kg8 { Game drawn by
repetition } 1/2-1/2

[Event "ICC tourney 2330 (75 10)"]
[Site "Internet Chess Club"]
[Date "2021.01.23"]
[Round "3"]
[White "raadix028"]
[Black "vidhat08"]
[Result "1-0"]
[ICCResult "Black resigns"]
[WhiteElo "823"]
[BlackElo "680"]
[Opening "Queen's pawn: London system"]
[ECO "A45"]
[NIC "QP.07"]
[Time "20:01:41"]
[PlyCount "63"]
[TimeControl "4500+10"]

1. d4 Nf6 2. Bf4 g6 3. Nc3 d5 4. Nf3 Bg7 5. Qd2 a5 6. Bh6 O-O 7. Bxg7 Kxg7
8. h4 b6 9. Nb5 c6 10. Nc3 Ne4 11. Nxe4 dxe4 12. Ng5 Bf5 13. f3 exf3 14.
exf3 f6 15. Ne4 Bxe4 16. fxe4 c5 17. d5 Qd6 18. O-O-O a4 19. a3 b5 20. Bxb5
f5 21. Bd3 fxe4 22. Bxe4 Rf4 23. Bf3 Rd4 24. Qc3 e5 25. dxe6 Kf8 26. Bxa8
Rxd1+ 27. Rxd1 Qxe6 28. Qh8+ Ke7 29. Qxb8 Qa2 30. Qd8+ Ke6 31. Bd5+ Ke5 32.
Bxa2 { Black resigns } 1-0

[Event "ICC tourney 2330 (75 10)"]
[Site "Internet Chess Club"]
[Date "2021.01.23"]
[Round "3"]
[White "Cougar2020"]
[Black "danielcao"]
[Result "0-1"]
[ICCResult "White checkmated"]
[WhiteElo "1292"]
[BlackElo "1110"]
[Opening "Sicilian defense"]
[ECO "B33"]
[NIC "SI.34"]
[Time "20:01:40"]
[PlyCount "100"]
[TimeControl "4500+10"]

1. e4 c5 2. Nf3 Nc6 3. d4 cxd4 4. Nxd4 Nf6 5. Nc3 a6 6. Bd3 Nxd4 7. e5 Ng8
8. Nd5 e6 9. Be3 Nxc2+ 10. Bxc2 exd5 11. Qxd5 Bb4+ 12. Bd2 Bxd2+ 13. Qxd2
Ne7 14. Qd3 Qa5+ 15. Kf1 Qb5 16. Qxb5 axb5 17. g3 Nc6 18. Re1 Rxa2 19. Rb1
Na5 20. Bd3 Nc4 21. Bxc4 bxc4 22. Kg2 b5 23. Rhc1 Bb7+ 24. Kg1 Be4 25. Ra1
Rxa1 26. Rxa1 Ke7 27. Re1 Bc6 28. f4 b4 29. Rc1 Bd5 30. Rd1 Be6 31. Rc1 Rc8
32. Kf2 c3 33. bxc3 bxc3 34. Ke3 Bf5 35. Kd4 c2 36. Ke3 Rb8 37. Kd2 Rb1 38.
h4 Rxc1 39. Kxc1 h5 40. Kd2 Ke6 41. Kc1 Kd5 42. Kd2 Kd4 43. Kc1 Ke3 44. Kb2
Kd2 45. Kb3 c1=Q 46. Kb4 Qc3+ 47. Kb5 Bd3+ 48. Kb6 Qc6+ 49. Ka7 Be4 50. Kb8
Qb7# { White checkmated } 0-1

[Event "ICC tourney 2330 (75 10)"]
[Site "Internet Chess Club"]
[Date "2021.01.23"]
[Round "3"]
[White "hanruiliu"]
[Black "DanielGuan"]
[Result "0-1"]
[ICCResult "White resigns"]
[WhiteElo "1115"]
[BlackElo "1291"]
[Opening "King's Indian: London system"]
[ECO "A48"]
[NIC "QP.03"]
[Time "20:01:40"]
[PlyCount "68"]
[TimeControl "4500+10"]

1. Nf3 Nf6 2. d4 g6 3. Bf4 Bg7 4. e3 O-O 5. Bd3 d6 6. c3 Re8 7. Nbd2 Nc6 8.
O-O e5 9. Bg5 h6 10. Bxf6 Qxf6 11. Qc2 h5 12. Ne4 Qe7 13. h3 d5 14. Bb5
dxe4 15. Bxc6 bxc6 16. Qxe4 exd4 17. Qxc6 Bd7 18. Qxc7 Rec8 19. Qf4 dxc3
20. bxc3 Bxc3 21. Rab1 Bf5 22. Rbc1 Bd3 23. Rfd1 Be2 24. Rd6 Bxf3 25. Qxf3
Qxd6 26. Rxc3 Rab8 27. Rxc8+ Rxc8 28. g3 Rc1+ 29. Kg2 Qc6 30. e4 Rc4 31.
Kh2 Qxe4 32. Qb3 Rb4 33. Qa3 Rb1 34. g4 h4 { White resigns } 0-1

[Event "ICC tourney 2330 (75 10)"]
[Site "Internet Chess Club"]
[Date "2021.01.23"]
[Round "3"]
[White "acgc"]
[Black "Diyor"]
[Result "1-0"]
[ICCResult "Black checkmated"]
[WhiteElo "946"]
[BlackElo "1218"]
[Opening "Sicilian"]
[ECO "B50"]
[NIC "SI.01"]
[Time "20:01:42"]
[PlyCount "87"]
[TimeControl "4500+10"]

1. e4 c5 2. Nf3 d6 3. Bc4 Nc6 4. Nc3 g6 5. d3 Bg7 6. Be3 Bg4 7. Qd2 Bxf3 8.
gxf3 a6 9. O-O-O Nf6 10. Nd5 Nxd5 11. Bxd5 Qb6 12. c3 O-O 13. h4 h5 14. Bh6
Ne5 15. Bxg7 Kxg7 16. Qe3 a5 17. d4 cxd4 18. Qxd4 Qxd4 19. Rxd4 Nxf3 20.
Rd3 Ne5 21. Rg3 Rab8 22. f4 Ng4 23. f5 Nf6 24. Rhg1 Nxd5 25. exd5 Rg8 26.
fxg6 Kf8 27. g7+ Ke8 28. Rg5 Kd7 29. Rxh5 f6 30. Rf5 Ke8 31. h5 Kf7 32. h6
Rbc8 33. Rf3 Rc4 34. Rh1 Rgc8 35. Rg3 Rg8 36. h7 Rxg7 37. Rxg7+ Kxg7 38.
h8=Q+ Kg6 39. Rg1+ Kf5 40. Qh5+ Ke4 41. Rg4+ Kd3 42. Qh3+ Ke2 43. Rg2+ Ke1
44. Qh1# { Black checkmated } 1-0

[Event "ICC tourney 2330 (75 10)"]
[Site "Internet Chess Club"]
[Date "2021.01.23"]
[Round "3"]
[White "Poorvi123"]
[Black "varunprabhu"]
[Result "1-0"]
[ICCResult "Black checkmated"]
[WhiteElo "752"]
[BlackElo "691"]
[Opening "Giuoco Piano"]
[ECO "C50"]
[NIC "IG.02"]
[Time "20:01:48"]
[PlyCount "147"]
[TimeControl "4500+10"]

1. e4 e5 2. Nf3 Nc6 3. Bc4 Bc5 4. O-O Nf6 5. Nc3 O-O 6. Bd5 Ne7 7. Nxe5 d6
8. d4 Bb6 9. Nc4 c6 10. Nxb6 axb6 11. Bb3 Qc7 12. Bg5 Ne8 13. Qf3 h6 14.
Bf4 Ng6 15. Qg3 Nf6 16. Bxd6 Qd7 17. Qxg6 Qxd6 18. e5 Qxd4 19. exf6 Qxf6
20. Qxf6 gxf6 21. Ne4 Kg7 22. Nd6 Bd7 23. Nxb7 Rg8 24. Nd6 Kh7 25. Rfe1 Bh3
26. g3 Rg7 27. Re7 Be6 28. Bxe6 fxe6 29. Rxg7+ Kxg7 30. Re1 e5 31. a3 Rd8
32. Nf5+ Kg6 33. Ne7+ Kf7 34. Nxc6 Rc8 35. Nb4 Rg8 36. Nd5 b5 37. Nc7 Rc8
38. Nxb5 Rxc2 39. b3 Rb2 40. Re3 Rb1+ 41. Kg2 Rd1 42. a4 Rd8 43. a5 Ra8 44.
b4 Rb8 45. Nc3 Rxb4 46. Re2 Rb8 47. Ra2 Ke7 48. a6 Ra8 49. a7 Kd7 50. Nd5
Kc6 51. Nxf6 Kb7 52. Ng4 Rxa7 53. Rxa7+ Kxa7 54. Nxe5 Kb8 55. f4 Kc8 56. g4
Kd8 57. Kf3 Ke8 58. f5 Kf8 59. Kf4 Kg7 60. h4 Kf6 61. g5+ hxg5+ 62. hxg5+
Kg7 63. f6+ Kf8 64. Kf5 Kg8 65. f7+ Kf8 66. g6 Ke7 67. g7 Kd6 68. f8=Q+ Kd5
69. g8=Q+ Kd4 70. Qd6+ Ke3 71. Qg3+ Ke2 72. Qda3 Kd2 73. Qa2+ Kc1 74. Qe1#
{ Black checkmated } 1-0

[Event "ICC tourney 2330 (75 10)"]
[Site "Internet Chess Club"]
[Date "2021.01.23"]
[Round "3"]
[White "MeLikeGame"]
[Black "VirginiaGuy"]
[Result "1-0"]
[ICCResult "Black resigns"]
[WhiteElo "1384"]
[BlackElo "1298"]
[Opening "Caro-Kann: advance variation"]
[ECO "B12"]
[NIC "CK.04"]
[Time "20:01:48"]
[PlyCount "81"]
[TimeControl "4500+10"]

1. e4 c6 2. d4 d5 3. e5 Bf5 4. f4 h6 5. Nf3 e6 6. Be3 Qb6 7. b3 Ne7 8. Nbd2
Bh7 9. Be2 Nf5 10. Bf2 Bb4 11. O-O Bc3 12. Rb1 Bxd4 13. Nxd4 Nxd4 14. Bd3
Bxd3 15. cxd3 Qb5 16. Bxd4 Qxd3 17. Bb2 O-O 18. Rf3 Qf5 19. Rg3 Nd7 20. Qf1
Nc5 21. Rc1 Nd7 22. Qf2 Kh8 23. Nf1 Rg8 24. Ne3 Qe4 25. Ng4 Qf5 26. Re1 c5
27. Qe2 a6 28. Rh3 d4 29. Rd1 Nf8 30. Bc1 Ng6 31. Qf3 Rab8 32. Nf2 Ne7 33.
Ne4 Rgf8 34. Rh5 Qg6 35. Rd3 Nf5 36. Kh1 b6 37. g4 Ne7 38. Qe2 Nd5 39. Rdh3
Kg8 40. g5 Qf5 41. Qf3 { Black resigns } 1-0

[Event "ICC tourney 2330 (75 10)"]
[Site "Internet Chess Club"]
[Date "2021.01.23"]
[Round "3"]
[White "niftyfountain"]
[Black "Landrade"]
[Result "1/2-1/2"]
[ICCResult "Game drawn by mutual agreement"]
[WhiteElo "1357"]
[BlackElo "928"]
[Opening "Caro-Kann: classical variation"]
[ECO "B18"]
[NIC "CK.10"]
[Time "20:01:44"]
[PlyCount "65"]
[TimeControl "4500+10"]

1. e4 c6 2. d4 d5 3. Nc3 dxe4 4. Nxe4 Bf5 5. Ng3 Bg6 6. Nf3 e6 7. c3 Nf6 8.
Bd3 Bd6 9. Bxg6 hxg6 10. h3 Qc7 11. Ne2 Nbd7 12. Be3 Nd5 13. Qd2 Nxe3 14.
Qxe3 Nf6 15. Qd3 O-O-O 16. O-O-O Kb8 17. Kb1 Rh5 18. Qc2 Rdh8 19. Rhe1 Ka8
20. Nd2 Rb8 21. Nc4 b5 22. Nxd6 Qxd6 23. Ng3 Rd5 24. a3 Nd7 25. b4 Nb6 26.
Ne4 Qc7 27. Nd2 a5 28. Qa2 Qa7 29. Rc1 axb4 30. axb4 Qxa2+ 31. Kxa2 Kb7 32.
Kb3 Rf5 33. Rf1 { Game drawn by mutual agreement } 1/2-1/2

[Event "ICC tourney 2330 (75 10)"]
[Site "Internet Chess Club"]
[Date "2021.01.23"]
[Round "3"]
[White "chesssiddu"]
[Black "Player1139"]
[Result "1/2-1/2"]
[ICCResult "Game drawn by mutual agreement"]
[WhiteElo "1269"]
[BlackElo "259"]
[Opening "Sicilian"]
[ECO "B50"]
[NIC "SI.01"]
[Time "20:01:41"]
[PlyCount "198"]
[TimeControl "4500+10"]

1. e4 c5 2. Nf3 d6 3. Bc4 e6 4. Nc3 Nf6 5. d3 Nc6 6. O-O Be7 7. Bf4 e5 8.
Bg5 O-O 9. Be3 a6 10. Nd5 Nxd5 11. Bxd5 Be6 12. Bb3 b5 13. c3 a5 14. Bc2 b4
15. d4 Bd7 16. Qd2 a4 17. Rfd1 a3 18. b3 Qa5 19. dxe5 bxc3 20. Qe2 Nxe5 21.
Nxe5 Bb5 22. Nc4 Bxc4 23. Qxc4 Rab8 24. Qa4 Qxa4 25. bxa4 Rb2 26. Bb3 c2
27. Rac1 cxd1=Q+ 28. Rxd1 Rc8 29. Bc1 Re2 30. f3 c4 31. Kf1 Rb2 32. Bxb2
axb2 33. Bc2 Ra8 34. Rb1 Bf6 35. Ke2 c3 36. Ke3 Kf8 37. Kd3 Ke7 38. f4 Ke6
39. Re1 Ra5 40. Bb3+ Ke7 41. Kc2 Rh5 42. e5 dxe5 43. fxe5 Rxe5 44. Rxe5+
Bxe5 45. h3 Kd6 46. a5 Kc5 47. Bxf7 Kb5 48. Bg8 h6 49. g4 g5 50. Bb3 Kxa5
51. Kb1 Kb4 52. Kc2 Ka3 53. Bg8 Bg7 54. Bb3 Bf8 55. Kb1 Bb4 56. Kc2 Ba5 57.
Kb1 Bd8 58. Kc2 Kb4 59. Kb1 Kc5 60. Kc2 Kd4 61. a4 Ke3 62. Ba2 Kf3 63. Kxc3
b1=Q 64. Bxb1 Kg3 65. Bf5 Kxh3 66. Kb4 Kg3 67. Kb5 Kf4 68. Bd7 Ke5 69. Kc5
Be7+ 70. Kc4 Kd6 71. Bf5 Kc6 72. a5 Bf8 73. a6 Kb6 74. Bc8 Bc5 75. Kd3 Kc7
76. Bb7 Kb6 77. Ke4 Kc7 78. Kf5 Kb6 79. Kg6 Bf8 80. Kf7 Bc5 81. Ke8 Bd4 82.
Kd8 Ka7 83. Kc8 h5 84. gxh5 g4 85. h6 g3 86. h7 g2 87. Bxg2 Kxa6 88. Kd8
Kb5 89. Ke7 Kc4 90. Ke6 Bg7 91. Kf7 Ba1 92. Be4 Bd4 93. Kg8 Ba1 94. Bg6 Bd4
95. Bf7+ Kd3 96. Bg6+ Kc4 97. Kf7 Kd5 98. Ke7 Bc5+ 99. Kd7 Bd4 { Game drawn
by mutual agreement } 1/2-1/2

[Event "ICC tourney 2330 (75 10)"]
[Site "Internet Chess Club"]
[Date "2021.01.23"]
[Round "3"]
[White "anmolwarman"]
[Black "Rhinoguy"]
[Result "0-1"]
[ICCResult "White checkmated"]
[WhiteElo "1187"]
[BlackElo "1307"]
[Opening "English: four knights, kingside fianchetto"]
[ECO "A29"]
[NIC "EO.04"]
[Time "20:01:45"]
[PlyCount "58"]
[TimeControl "4500+10"]

1. c4 e5 2. Nc3 Nf6 3. Nf3 Nc6 4. g3 Bc5 5. Bg2 O-O 6. a3 a5 7. O-O d6 8.
e3 Be6 9. d4 exd4 10. exd4 Bxc4 11. dxc5 Bxf1 12. Qxf1 dxc5 13. Bf4 Re8 14.
Rd1 Qe7 15. Nb5 Rac8 16. Bh3 Rcd8 17. Nxc7 Rxd1 18. Qxd1 Rd8 19. Qb3 Qe2
20. Bd2 Rd3 21. Qb5 Qxf3 22. Be3 Rd1+ 23. Bf1 Nd4 24. Bxd4 cxd4 25. Ne8 d3
26. Nxf6+ gxf6 27. Qe8+ Kg7 28. Qe3 Rxf1+ 29. Kxf1 Qh1# { White checkmated
} 0-1

[Event "ICC tourney 2330 (75 10)"]
[Site "Internet Chess Club"]
[Date "2021.01.23"]
[Round "3"]
[White "vihaan2011"]
[Black "boxingguy2469x"]
[Result "1-0"]
[ICCResult "Black checkmated"]
[WhiteElo "1307"]
[BlackElo "1050"]
[Opening "Giuoco Piano"]
[ECO "C54"]
[NIC "IG.02"]
[Time "20:01:42"]
[PlyCount "115"]
[TimeControl "4500+10"]

1. e4 e5 2. Nf3 Nc6 3. Bc4 Bc5 4. c3 Nf6 5. d3 d5 6. exd5 Nxd5 7. O-O Bg4
8. Re1 O-O 9. h3 Bxf3 10. Qxf3 Nf6 11. Bg5 Re8 12. Bxf6 Qxf6 13. Qxf6 gxf6
14. Nd2 Re7 15. Ne4 Bb6 16. Nxf6+ Kh8 17. Re4 Kg7 18. Nd5 Rd7 19. Rg4+ Kh8
20. Rh4 Rd6 21. Nxb6 axb6 22. Bxf7 Rxd3 23. Bg6 Rd7 24. a3 Rg8 25. Bf5 Rdg7
26. Kf1 Rf8 27. Be4 Rgf7 28. f3 Nd8 29. Rd1 c6 30. Rd6 Rg8 31. Rf6 Rgg7 32.
Rfh6 Re7 33. Rg4 Rxg4 34. hxg4 Ne6 35. Bxh7 Rxh7 36. Rxe6 Rh1+ 37. Kf2 Rb1
38. Rxe5 Rxb2+ 39. Kg3 Rb3 40. Re8+ Kg7 41. Re7+ Kf6 42. Rxb7 c5 43. a4 c4
44. a5 bxa5 45. Ra7 Rxc3 46. Rxa5 Rd3 47. Rc5 c3 48. Kf4 Rd2 49. Rxc3 Rxg2
50. Rc6+ Kg7 51. Kg5 Rd2 52. f4 Rg2 53. Rc7+ Kf8 54. Kf6 Kg8 55. g5 Ra2 56.
Rc8+ Kh7 57. g6+ Kh6 58. Rh8# { Black checkmated } 1-0

[Event "ICC tourney 2330 (75 10)"]
[Site "Internet Chess Club"]
[Date "2021.01.23"]
[Round "3"]
[White "aWildNateDawg"]
[Black "kskariah"]
[Result "1-0"]
[ICCResult "Black checkmated"]
[WhiteElo "1109"]
[BlackElo "1359"]
[Opening "French defense"]
[ECO "C00"]
[NIC "FR.01"]
[Time "20:01:41"]
[PlyCount "121"]
[TimeControl "4500+10"]

1. e4 e6 2. Nf3 d5 3. exd5 exd5 4. d4 Nf6 5. Be2 Be7 6. O-O O-O 7. Nc3 Bf5
8. Bf4 c5 9. dxc5 Bxc5 10. Be5 Nbd7 11. Bxf6 Nxf6 12. Nd4 Bxd4 13. Qxd4
Bxc2 14. Bf3 Be4 15. Bxe4 dxe4 16. Rad1 Re8 17. Rfe1 Qxd4 18. Rxd4 Rad8 19.
Red1 Rxd4 20. Rxd4 g6 21. h3 Re6 22. Kf1 Rb6 23. b3 Re6 24. Ke2 Rc6 25. Kd2
Re6 26. Ke3 Kf8 27. Nxe4 Nxe4 28. Rxe4 Ke7 29. Rxe6+ Kxe6 30. Ke4 f5+ 31.
Kd4 Kd6 32. b4 a6 33. a4 b5 34. axb5 axb5 35. f4 h6 36. h4 Kc6 37. Ke5 Kb6
38. Kf6 Kc6 39. Kxg6 Kd5 40. Kxf5 Kc4 41. Ke5 Kxb4 42. f5 Kc3 43. f6 b4 44.
f7 b3 45. f8=Q Kb2 46. Qxh6 Ka3 47. Qd2 b2 48. Qxb2+ Kxb2 49. h5 Kb1 50. h6
Kb2 51. h7 Kb1 52. h8=Q Kc1 53. g4 Kc2 54. Qh3 Kb1 55. Qh2 Kc1 56. Ke6 Kd1
57. g5 Ke1 58. g6 Kd1 59. g7 Kc1 60. g8=Q Kb1 61. Qgg1# { Black checkmated
} 1-0